 Dungeon Crawl Stone Soup version 0.22-a0-587-g7d32d7c (webtiles) character file.

133 Hebeh the Covered (level 4, -1/41 HPs)
             Began as a Minotaur Fighter on July 4, 2018.
             Slain by Sigmund
             ... wielding a +2 scythe of flaming
              (7 damage)
             ... on level 3 of the Dungeon.
             The game lasted 00:05:27 (1694 turns).

Hebeh the Covered (Minotaur Fighter)                Turns: 1694, Time: 00:05:28

Health: -1/41      AC:  7    Str: 22    XL:     4   Next: 94%
Magic:  3/3        EV:  7    Int:  5    God:
Gold:   137        SH:  9    Dex:  9    Spells: 3/3 levels left

rFire    . . .     SeeInvis .   a - +0 war axe
rCold    . . .     Gourm    .   c - +0 shield
rNeg     . . .     Faith    .   b - +0 scale mail
rPois    .         Spirit   .   (helmet restricted)
rElec    .         Reflect  .   (no cloak)
rCorr    .         Harm     .   (no gloves)
MR       .....                  (no boots)
Stlth    ..........             (no amulet)
HPRegen  0.13/turn              (no ring)
MPRegen  0.08/turn              (no ring)

@: no status effects
A: retaliatory headbutt, horns 2
a: no special abilities


You were on level 3 of the Dungeon.
You were not hungry.

You visited 1 branch of the dungeon, and saw 3 of its levels.

You collected 137 gold pieces.

Inventory:

Hand Weapons
 a - a +0 war axe (weapon)
Missiles
 h - 14 sling bullets
Armour
 b - a +0 scale mail (worn)
 c - a +0 shield (worn)
Jewellery
 j - a cursed -3 ring of evasion {unknown}
 r - an uncursed amulet of regeneration {unknown}
Wands
 s - a wand of random effects (22)
Scrolls
 l - 2 scrolls of remove curse {unknown}
 n - a scroll of magic mapping {unknown}
 v - a scroll of identify {unknown}
 x - a scroll of amnesia {unknown}
Potions
 d - a potion of might
 e - 3 potions of curing {unknown}
 g - a potion of heal wounds {unknown}
 i - a potion of agility {unknown}
 k - 2 potions of berserk rage {unknown}
 m - a potion of magic {unknown}
 o - 2 potions of mutation {unknown}
 p - 2 potions of flight {unknown}
 q - a potion of cancellation {unknown}
 t - a potion of degeneration {unknown}
 w - 2 potions of invisibility {unknown}
Comestibles
 f - 5 rations
 u - 2 chunks of flesh


   Skills:
 + Level 4.5 Fighting
 * Level 4.0 Axes
 + Level 4.6 Armour
 + Level 4.5 Shields


You had 3 spell levels left.
You didn't know any spells.
Your spell library contained the following spells:

 Spells                   Type           Power        Failure   Level  Hunger
 Apportation              Tloc           #.....       99%         1    ##.....
 Summon Small Mammal      Summ           #...         99%         1    ##.....
 Animate Skeleton         Necr           N/A          99%         1    ##.....
 Confusing Touch          Hex            #.....       99%         1    ##.....


Dungeon Overview and Level Annotations

Branches:
Dungeon (3/15)

Altars:

Annotations:
D:3 Sigmund


Innate Abilities, Weirdness & Mutations

You reflexively headbutt those who attack you in melee.
You have a pair of horns on your head.


Message History

Sigmund flickers and vanishes!
Deactivating autopickup; reactivate with Ctrl-A.
You barely miss something. Something hits you.
* * * LOW HITPOINT WARNING * * *
Something burns you.
* * * LOW HITPOINT WARNING * * *
You miss something. Your headbutt misses something.
Something hits you but does no damage.
You closely miss something. You headbutt something.
You hear some strange, mumbled words.
Something tries to affect you, but you resist.
You miss something. Your headbutt misses something. Something hits you.
* * * LOW HITPOINT WARNING * * *
Something burns you.
* * * LOW HITPOINT WARNING * * *
You barely miss something. Your headbutt misses something.
You hear some strange, mumbled words.
Something tries to affect you, but you resist.
You closely miss something. Your headbutt misses something. Something hits you!
You die...

# # # ###
###.## ..#
###
.......
#.#...
..#..##
####.#.#
#.#..## #
#....{.#
......
#.##.##@#
###....
#.......#
####.##.
####.####
........
####.####
#####....
##.......#
........#
#......#.#
...##.#..
#..##..#.#
#....
#..##..#.#
#.#.#
#..#...#.#
#.#.#


There were no monsters in sight!

Vanquished Creatures
  An orc wizard (D:3)
  3 adders
  2 worms
  A dart slug (D:1)
  A leopard gecko (D:2)
  2 orcs (D:3)
  2 ball pythons
  6 bats
  6 goblins
  2 hobgoblins (D:1)
  10 jackals
  9 frilled lizards
  8 kobolds
  19 rats
72 creatures vanquished.

Notes
Turn   | Place    | Note
-------+----------+-------------------------------------------
     0 | D:1      | Hebeh the Minotaur Fighter began the quest for the Orb.
     0 | D:1      | Reached XP level 1. HP: 19/19 MP: 0/0
    19 | D:1      | Reached XP level 2. HP: 27/27 MP: 1/1
   284 | D:1      | Reached XP level 3. HP: 33/33 MP: 2/2
  1172 | D:2      | Reached XP level 4. HP: 40/40 MP: 3/3
  1679 | D:3      | Noticed Sigmund
  1694 | D:3      | Slain by Sigmund

Vault maps used:
D:1:      erik_arrival_orb_chamber
D:2:      hangedman_abyss_or_decor_lesser_grid
D:3:      yredelemnul_altar_generic, uniq_jessica, uniq_crazy_yiuf_cottage,
          uniq_sigmund

Skill      XL: |  1  2  3  4 |
---------------+-------------+-----
Armour         | 4 |  4.6
Fighting       | 4 |  4.5
Shields        | 4 |  4.5
Axes           | 3 4 |  4.0

Action                   |  1- 3 |  4- 6 || total
-------------------------+-------+-------++-------
Melee: War axe           |    87 |    57 ||   144
       Headbutt          |    14 |     8 ||    22
  Eat: Chunk             |     1 |     2 ||     3
Armor: Scale mail        |    44 |    27 ||    71
Dodge: Dodged            |    31 |    10 ||    41
Block: Shield            |    40 |    30 ||    70

Table legend:
 A = Spawn XP
 B = Non-spawn XP
 C = Spawn XP percentage of total XP
 D = Spawn monster count
 E = Non-spawn monster count
 F = Spawn count percentage of total count
 G = Total turns spent on level
                    A         B        C        D         E        F      G
               +---------+---------+-------+---------+---------+-------+---------
         Total |       0 |     191 |   0.0 |       0 |      72 |   0.0 |  1694
               +---------+---------+-------+---------+---------+-------+---------
           D:1 |       0 |      42 |   0.0 |       0 |      31 |   0.0 |   448
           D:2 |       0 |      61 |   0.0 |       0 |      21 |   0.0 |   880
           D:3 |       0 |      88 |   0.0 |       0 |      20 |   0.0 |   366
               +---------+---------+-------+---------+---------+-------+---------
